 Dungeon Crawl Stone Soup version 0.32-a0-42-ga30500b4d3 (webtiles) character file.

Game seed: 7795771843532313050

46 roflturtle the Trooper (level 3, -14/28 (29) HPs)
             Began as a Demonspawn Chaos Knight on Jan 31, 2024.
             Was a Plaything of Xom.
             Demolished by an ogre
             ... wielding a +0 giant club
              (27 damage)
             ... on level 2 of the Dungeon.
             The game lasted 00:04:36 (1254 turns).

roflturtle the Trooper (Demonspawn Chaos Knight)    Turns: 1254, Time: 00:04:37

HP:   -14/28 (29)   AC:  6    Str: 13    XL:     3   Next: 46%
MP:   3/3           EV: 12    Int: 17    God:    Xom [.....*]
Gold: 52            SH:  0    Dex: 16    Spells: 2/2 levels left

rFire   . . .        a - +0 falchion (chaos)
rCold   . . .        (no shield)
rNeg    . . .        b - +2 leather armour
rPois   .            (no helmet)
rElec   .            i - +0 cloak
rCorr   .            (no gloves)
SInv    .            (no boots)
Will    .....        (no amulet)
Stlth   +            f - +6 ring of intelligence
HPRegen 0.24/turn    (no ring)
MPRegen 0.08/turn

%: no passive effects
@: cleaving, lightly drained
A: spiny 1, weakness stinger 1, agile 1
a: Renounce Religion


You were on level 2 of the Dungeon.
You worshipped Xom.
You were Xom's teddy bear.
You visited 1 branch of the dungeon, and saw 2 of its levels.

You collected 52 gold pieces.

Inventory:

Hand Weapons
 a - a +0 falchion of chaos (weapon)
Armour
 b - a +2 leather armour (worn)
 i - a +0 cloak (worn)
Jewellery
 f - a +6 ring of intelligence (left hand)
Scrolls
 c - a scroll of butterflies
 j - a scroll of torment
Potions
 d - 2 potions of enlightenment {unknown}
 e - a potion of haste {unknown}
 k - a potion of magic {unknown}


   Skills:
 - Level 3.3 Fighting
 + Level 3.1 Long Blades
 - Level 2.1 Armour
 - Level 2.0 Dodging


You had 2 spell levels left.
You didn't know any spells.
Your spell library contained the following spells:

 Spells                   Type           Power      Damage    Failure   Level
 Sting                    Conj/Alch      0%         1d3       30%         1
 Mercury Vapours          Alch/Air       0%         N/A       41%         2
 Inner Flame              Hex/Fire       0%         N/A       65%         3
 Flame Wave               Conj/Fire      0%         2d4       96%         4
 Olgreb's Toxic Radiance  Alch           0%         N/A       96%         4
 Sticky Flame             Fire/Alch      0%         2d4       96%         4


Dungeon Overview and Level Annotations

Branches:
Dungeon (2/15)

Altars:
Vehumet

Shops:
D:1 *


Innate Abilities, Weirdness & Mutations

You are partially covered in sharp spines.
You have a small tail.
You are agile. (Dex +4, Str/Int -1)


Message History

Things that are here:
a +0 dagger; a goblin corpse A dart slug comes into view.
The dart slug moves out of view.
A dart slug is nearby!
You hit the dart slug.
The dart slug is severely wounded.
The dart slug barely misses you.
You hit the dart slug. You burn the dart slug.
You kill the dart slug!
Found a runed sling.
The rat squeaks loudly.
The rat bites you.
You hit the rat.
Your tail-slap misses the rat.
The rat is moderately wounded.
The rat misses you.
You completely miss the rat.
The rat is moderately wounded.
The rat barely misses you. The rat is struck by your spines.
The rat closely misses you.
You hit the rat. You freeze the rat.
You kill the rat! "Go forth and cause havoc, mortal!"
Your +0 falchion of chaos looks sharp.
You see here 6 stones.
The ogre completely misses you.
You completely miss the ogre. You hit the ogre but do no damage.
The ogre is poisoned.
The ogre completely misses you. The ogre attacks as it pursues you!
The ogre is struck by your spines. The ogre hits you with a +0 giant club!
Ouch! That really hurt!
You see here 6 stones.
You completely miss the ogre.
The ogre is heavily wounded.
The ogre is struck by your spines.
The ogre hits you with a +0 giant club!!
Ouch! That really hurt!
You die...
Xom bursts into laughter!

# #.....## ##.###
.. #> #
##.#.#.######..#
#.# ..
###..#.#.##....[##
..
.)..#..#.##.#####
.. ..
.###..##.##.# ..#
.###.###....#####
##.# .##..#
#........# #... .#
....##
#.######.#### ..#
#.#. ....# #.#
#.@O.##.# #...
....# #.#
####.#.)# #...
....# #.# #...##
..# ....# #.#
#....##.# ....#
#.# #.##..†.####.
....# #.#
#.###..>...>.
....#
##.##.(......#
#####
#......#.###..
#.##.....#


You could see an ogre (poisoned).

Vanquished Creatures
  An adder (D:2)
  2 ribbon worms (D:2)
  2 dart slugs (D:2)
  A bat (D:1)
  3 endoplasms
  A giant cockroach (D:1)
  4 goblins
  3 hobgoblins (D:1)
  4 ball pythons (D:1)
  3 frilled lizards (D:2)
  A kobold (D:2)
  3 rats (D:2)
28 creatures vanquished.

Notes
Turn   | Place    | Note
-------+----------+-------------------------------------------
     0 | D:1      | roflturtle the Demonspawn Chaos Knight began the quest for
                  | the Orb.
     0 | D:1      | Reached XP level 1. HP: 18/18 MP: 1/1
    30 | D:1      | XOM: butterfly on damage
    39 | D:1      | Reached skill level 1 in Dodging
   165 | D:1      | Gained mutation: You are partially covered in sharp spines.
                  | [demonic ancestry]
   165 | D:1      | Reached XP level 2. HP: 24/24 MP: 2/2
   401 | D:1      | XOM: noise
   412 | D:1      | Found a faded altar of an unknown god.
   429 | D:1      | XOM: give mutations
   429 | D:1      | Gained mutation: You sometimes lose your temper in combat.
                  | [Xom's mischief]
   429 | D:1      | Lost mutation: You sometimes lose your temper in combat.
                  | [Xom's mischief]
   429 | D:1      | Gained mutation: You expend magic power (3 MP) to
                  | strengthen your wands. [Xom's mischief]
   429 | D:1      | Gained mutation: Your body sometimes deteriorates upon
                  | taking damage. [Xom's mischief]
   495 | D:1      | XOM: summons 1 hostile shadow creature
   518 | D:1      | Found Jisaysa's General Store.
   741 | D:1      | Found a radiant altar of Vehumet.
   759 | D:1      | XOM: give mutations
   759 | D:1      | Gained mutation: You are frail. (-10% HP) [Xom's mischief]
   759 | D:1      | Lost mutation: You are frail. (-10% HP) [Xom's mischief]
   759 | D:1      | Gained mutation: You are occasionally teleported next to
                  | monsters. [Xom's mischief]
   759 | D:1      | Gained mutation: You are agile. (Dex +4, Str/Int -1) [Xom's
                  | mischief]
   804 | D:2      | XOM: give mutation
   804 | D:2      | Gained mutation: You are weak. (Str -2) [Xom's mischief]
   814 | D:2      | XOM: chaos cloud
   821 | D:2      | Gained mutation: You have a small tail. [demonic ancestry]
   821 | D:2      | Reached XP level 3. HP: 28/29 MP: 3/3
   918 | D:2      | XOM: give mutations
   918 | D:2      | Lost mutation: You are weak. (Str -2) [Xom's mischief]
   918 | D:2      | Lost mutation: You expend magic power (3 MP) to strengthen
                  | your wands. [Xom's mischief]
   918 | D:2      | Lost mutation: You are occasionally teleported next to
                  | monsters. [Xom's mischief]
   918 | D:2      | Lost mutation: Your body sometimes deteriorates upon taking
                  | damage. [Xom's mischief]
  1085 | D:2      | Noticed an ogre
  1097 | D:2      | XOM: 4-stop teleportation journey
  1108 | D:2      | XOM: god gift: 7 stones
  1239 | D:2      | XOM: cleaving
  1254 | D:2      | Demolished by an ogre

Illustrated notes

Levels and vault maps discovered:
D:1:      dpeg_arrival_water_altar, layout_loops_cross, serial_shops,
          nicolae_lakefront_shop, shapermc_ecumenical_altar_totnotflames,
          minmay_misc_feat_columns, hangedman_decor_points,
          minmay_misc_feat_hallway
D:2:      layout_rooms, nrook_mini_vaults, reono_crystal_passage, minivault_25,
          kennysheep_generic_room_9

Skill      XL: |  1  2  3 |
---------------+----------+-----
Dodging        | 1 2 |  2.0
Armour         | 2 |  2.1
Long Blades    | 3 |  3.1
Fighting       | |  3.3

Action                     || total
---------------------------++-------
  Melee: Falchion          ||    57
         Tailslap          ||     4
    Use: Scroll            ||     3
   Stab: Sleeping          ||     2
 Armour: Leather armour    ||    21
  Dodge: Dodged            ||    30

Table legend: (Time is in decaauts)
 A = Elapsed time spent in this place.
 B = Non-inter-level travel time spent in this place.
 C = Inter-level travel time spent in this place.
 D = Time resting spent in this place.
 E = Time spent auto-exploring this place.
 F = Levels seen in this place.
 G = Mean time per level.
                   A        B        C        D        E       F      G
               +--------+--------+--------+--------+--------+-----+--------+
         Total |   1264 |   1239 |     25 |      0 |    942 |   2 |  632.0 |
       Dungeon |   1264 |   1239 |     25 |      0 |    942 |   2 |  632.0 |
               +--------+--------+--------+--------+--------+-----+--------+

Top non-repeatable levels by time:
     D:1: 788 daAuts
     D:2: 475 daAuts
